 Dungeon Crawl Stone Soup version 0.29-a0-559-g359e09b9d1 (webtiles) character file.

Game seed: 4382089873052874127

29 zero the Magician (level 3, -8/19 HPs)
             Began as a Deep Elf Summoner on June 9, 2022.
             Killed by an exploding quokka (19 damage)
             ... ignited by their inner flame
             ... on level 1 of the Dungeon.
             The game lasted 00:01:40 (1215 turns).

zero the Magician (Deep Elf Summoner)               Turns: 1215, Time: 00:01:40

Health: -8/19      AC:  8    Str:  5    XL:     3   Next: 1%
Magic:  11/11      EV: 12    Int: 21    God:
Gold:   84         SH:  0    Dex: 15    Spells: 2/11 levels left

rFire   . . .      SeeInvis .   q - +0 spear
rCold   . . .      Faith    .   (no shield)
rNeg    . . .      Spirit   .   a - +0 robe
rPois   .          Reflect  .   g - +2 helmet
rElec   .          Harm     .   (no cloak)
rCorr   .          Rampage  .   c - +2 pair of gloves
Will    .....                   (no boots)
Stlth   ++........              (no amulet)
HPRegen 0.06/turn               e - ring of flight
MPRegen 0.12/turn               (no ring)

@: flying
A: no striking features
a: no special abilities


You were on level 1 of the Dungeon.
You visited 1 branch of the dungeon, and saw 1 of its levels.

You collected 84 gold pieces.

Inventory:

Hand Weapons
 d - a +0 mace
 q - a +0 spear (weapon)
Missiles
 p - 6 poisoned darts
Armour
 a - a +0 robe (worn)
 c - a +2 pair of gloves (worn)
 g - a +2 helmet (worn)
Jewellery
 e - a ring of flight (left hand)
Scrolls
 j - a scroll of silence {unknown}
Potions
 b - 2 potions of magic
 f - a potion of brilliance {unknown}
 h - a potion of degeneration {unknown}
 i - a potion of curing {unknown}
 m - a potion of lignification {unknown}


   Skills:
 - Level 2.4 Dodging
 - Level 2.4 Stealth
 + Level 4.9 Spellcasting
 - Level 4.3 Summonings


You had 2 spell levels left.
You knew the following spells:

 Your Spells              Type           Power      Damage    Failure   Level
a - Summon Small Mammal   Summ           92%        N/A       1%          1
b - Call Imp              Summ           23%        N/A       2%          2
c - Call Canine Familiar  Summ           23%        N/A       5%          3
d - Summon Guardian Gole  Hex/Summ       14%        N/A       13%         3

Your spell library contained the following spells:

 Spells                   Type           Power      Damage    Failure   Level
 Ensorcelled Hibernation  Hex/Ice        10%        N/A       17%         2
 Passwall                 Tmut/Erth      4%         N/A       17%         2
 Swiftness                Air            5%         N/A       32%         3
 Summon Lightning Spire   Summ/Air       14%        N/A       41%         4


Dungeon Overview and Level Annotations

Branches:
Dungeon (1/15)

Altars:


Message History

You hit the hobgoblin.
You kill the hobgoblin!
You have reached level 3!
Your experience leads to an increase in your attributes!
Increase (S)trength, (I)ntelligence, or (D)exterity?
You feel clever. x2
This spell is quite dangerous to cast!
Memorise Call Canine Familiar, consuming 3 spell levels and leaving 5?
You start memorising the spell.
You continue memorising. x3
You finish memorising.
Spell assigned to 'c'.
This spell is extremely dangerous to cast!
Memorise Summon Guardian Golem, consuming 3 spell levels and leaving 2?
You start memorising the spell.
You continue memorising. x3
You finish memorising.
Spell assigned to 'd'.
Okay, then.
As you read the scroll labelled KOEH BILOXEF LOT, it crumbles to dust.
It is a scroll of enchant armour.
Your +0 pair of gloves glows green for a moment.
As you read the scroll of enchant armour, it crumbles to dust.
Your +1 pair of gloves glows green for a moment.
As you read the scroll labelled TOUWETEDGHEUTTI, it crumbles to dust.
You assume a fearsome visage.
Nothing appears to happen.
It was a scroll of fear.
As you read the scroll labelled JUADID JUPSEAS, it crumbles to dust.
The creatures around you are filled with an inner flame!
It was a scroll of immolation.
As you read the scroll labelled ZALYUCV QIRUTH, it crumbles to dust.
Your body is wracked with pain!
Your quokka convulses!
Flame seeps out of your quokka.
Your quokka convulses!
Flame seeps out of your quokka.
It was a scroll of torment.
Your quokka is engulfed in blazing flames.
Your quokka's corpse disappears in a puff of smoke!
Your quokka explodes!
The fiery explosion engulfs your quokka!!!
Your quokka's corpse disappears in a puff of smoke!
The fiery explosion engulfs you!!
Ouch! That really hurt!
You die...

#...........##(..#.#
############......#####...##.####
..................# ##...#..#...
.....##########.### #....###....
####.# ####.# #........... #.####
#..... #_....##.... #....#
#.##### #.....#.#... #####'#.#
#.#########......####. ......+.#
#.#○○@†...##....## #. .####+###
#.#§########....# #. .#..#.#
#.#.# ##...# #. .+.<'.# #.#.#
#.#...## #. .#..#.# #...#
#.##...# #. .####.######..#####
#.##...## #. ......#...........#
#.##....# #.
#######.####..###(####.#.#...##
#.# #..#........#.#....#


There were no monsters in sight!

Vanquished Creatures
  A gnoll (D:1)
  3 endoplasms (D:1)
  A hobgoblin (D:1)
  2 kobolds (D:1)
  A frilled lizard (D:1)
  A rat (D:1)
9 creatures vanquished.

Vanquished Creatures (collateral kills)
  3 bats (D:1)
  2 endoplasms (D:1)
  A giant cockroach (D:1)
  A hobgoblin (D:1)
  2 ball pythons (D:1)
9 creatures vanquished.

Grand Total: 18 creatures vanquished

Notes
Turn   | Place    | Note
-------+----------+-------------------------------------------
     0 | D:1      | zero the Deep Elf Summoner began the quest for the Orb.
     0 | D:1      | Reached XP level 1. HP: 10/10 MP: 6/6
   168 | D:1      | Found a faded altar of an unknown god.
   282 | D:1      | Reached XP level 2. HP: 15/15 MP: 6/9
   927 | D:1      | Learned a level 2 spell: Call Imp
  1203 | D:1      | Reached XP level 3. HP: 19/19 MP: 9/11
  1207 | D:1      | Learned a level 3 spell: Call Canine Familiar
  1211 | D:1      | Learned a level 3 spell: Summon Guardian Golem
  1215 | D:1      | Killed by an exploding quokka... ignited by their inner
                  | flame

Illustrated notes

Levels and vault maps discovered:
D:1:      ncdulo_smallfort, layout_loops_ring,
          hellmonk_ecumenical_altar_zigzags, solitary_fountain

Skill      XL: |  1 |
---------------+----+-----
Spellcasting   | 4 |  4.9
Dodging        | |  2.4
Stealth        | |  2.4
Summonings     | |  4.3

Action                   || total
-------------------------++-------
Melee: Mace              ||    30
       Spear             ||    12
 Cast: Summon Small Mamm ||    24
       Call Imp          ||     1
  Use: Scroll            ||     5
 Stab: Sleeping          ||     1
Armor: Robe              ||    22
Dodge: Dodged            ||    44

Table legend: (Time is in decaauts)
 A = Elapsed time spent in this place.
 B = Non-inter-level travel time spent in this place.
 C = Inter-level travel time spent in this place.
 D = Time resting spent in this place.
 E = Time spent auto-exploring this place.
 F = Levels seen in this place.
 G = Mean time per level.
                   A        B        C        D        E       F      G
               +--------+--------+--------+--------+--------+-----+--------+
         Total |   1226 |   1192 |     34 |    380 |    589 |   1 | 1226.0 |
       Dungeon |   1226 |   1192 |     34 |    380 |    589 |   1 | 1226.0 |
               +--------+--------+--------+--------+--------+-----+--------+

Top non-repeatable levels by time:
     D:1: 1226 daAuts
